 Dungeon Crawl Stone Soup version 0.23.2-1-ga50397a (webtiles) character file.

Game seed: 11850068613948542580

1499 sankara the Frost Mage (level 8, -1/52 HPs)
             Began as a Merfolk Ice Elementalist on May 13, 2019.
             Was a Believer of Yredelemnul.
             Slain by a wyvern zombie (14 damage)
             ... on level 6 of the Dungeon.
             The game lasted 00:35:52 (5659 turns).

sankara the Frost Mage (Merfolk Ice Elementalist)   Turns: 5659, Time: 00:35:53

Health: -1/52      AC: 10    Str:  9    XL:     8   Next: 81%
Magic:  19/23      EV: 13    Int: 15    God:    Yredelemnul [**....]
Gold:   730        SH:  0    Dex: 15    Spells: 8/16 levels left

rFire    . . .     SeeInvis .   a - +0 trident
rCold    . . .     Gourm    .   (no shield)
rNeg     . . .     Faith    .   C - +0 robe
rPois    .         Spirit   .   m - +2 helmet
rElec    .         Reflect  .   o - +0 cloak
rCorr    .         Harm     .   k - +0 pair of gloves
MR       .....                  (no boots)
Stlth    ++........             d - amulet of regeneration {+regen, !d}
HPRegen  0.57/turn              g - +3 ring of protection
MPRegen  0.18/turn              E - ring of magical power {MP+9}

@: no status effects
A: change form in water, swift swim, stealthy swim
a: Animate Remains, Recall Undead Slaves, Injury Mirror, Renounce Religion


You were on level 6 of the Dungeon.
You worshipped Yredelemnul.
Yredelemnul was pleased with you.
You were hungry.

You visited 1 branch of the dungeon, and saw 6 of its levels.

You collected 730 gold pieces.

Inventory:

Hand Weapons
 a - a +0 trident (weapon)
   (You took it off an orc on level 3 of the Dungeon)
 b - a +0 dagger
   (You took it off a goblin on level 2 of the Dungeon)
 h - a +1 short sword of venom
   (You took it off an orc on level 4 of the Dungeon)
 n - a +0 hunting sling
   (You found it on level 6 of the Dungeon)
Missiles
 r - 164 stones (quivered)
 s - 2 javelins
 u - 21 sling bullets
 H - 5 tomahawks
Armour
 k - a +0 pair of gloves (worn)
   (You found it on level 2 of the Dungeon)
 m - a +2 helmet (worn)
   (You found it on level 1 of the Dungeon)
 o - a +0 cloak (worn)
   (You found it on level 1 of the Dungeon)
 C - a +0 robe (worn)
Jewellery
 d - an amulet of regeneration (around neck) {+regen, !d}
   (You found it on level 1 of the Dungeon)
 g - a +3 ring of protection (left hand)
   (You found it on level 1 of the Dungeon)
 E - a ring of magical power (right hand) {MP+9}
   (You found it on level 3 of the Dungeon)
Wands
 l - a wand of flame (23)
   (You found it on level 3 of the Dungeon)
Scrolls
 j - 4 scrolls of fog {unknown}
 p - 2 scrolls of enchant armour {unknown}
 t - 4 scrolls of teleportation {unknown}
 v - 4 scrolls of identify
 w - 3 scrolls of enchant weapon {unknown}
 x - a scroll of noise {unknown}
 y - a scroll of magic mapping {unknown}
 D - a scroll of vulnerability {unknown}
 F - 2 scrolls of remove curse {unknown}
 G - a scroll of amnesia {unknown}
 J - a scroll of fear {unknown}
Potions
 e - a potion of magic
 f - 2 potions of haste {unknown}
 i - 5 potions of curing {unknown}
 q - a potion of flight
 z - a potion of ambrosia
 A - a potion of agility
 B - a potion of heal wounds
Comestibles
 c - 2 rations


   Skills:
 * Level 5.8 Polearms
 - Level 2.6 Dodging
 - Level 3.0 Stealth
 + Level 4.6 Spellcasting
   Level 0.7 Conjurations
 + Level 2.6 Charms
 + Level 3.8 Summonings
 + Level 8.1 Ice Magic


You had 8 spell levels left.
You knew the following spells:

 Your Spells              Type           Power        Failure   Level  Hunger
a - Freeze                Ice            ####         1%          1    None
b - Ozocubu's Armour      Chrm/Ice       ###.....     5%          3    ###....
c - Summon Ice Beast      Ice/Summ       ###.....     14%         4    ####...

Your spell library contained the following spells:

 Spells                   Type           Power        Failure   Level  Hunger
 Throw Frost              Conj/Ice       ###...       4%          2    ##.....
 Confusing Touch          Hex            #.....       17%         1    None
 Throw Icicle             Conj/Ice       ###.....     26%         4    ####...
 Confuse                  Hex            #.......     45%         3    ###....
 Gell's Gravitas          Tloc           #.........   45%         3    ###....
 Metabolic Englaciation   Hex/Ice        ###.......   65%         5    ######.
 Petrify                  Tmut/Erth      #.......     86%         4    ####...
 Yara's Violent Unravell  Hex/Tmut       #.........   99%         5    ######.


Dungeon Overview and Level Annotations

Branches:
Dungeon (6/15)
 Temple: D:4-7

Altars:
Ashenzari
Hepliaklqana
Makhleb
Yredelemnul
Zin

Annotations:
D:3 1 runed translucent door, Paps's ghost, amateur TrFi


Message History

No target in view!
No target in view!
No target in view!
No target in view!
No target in view!
No target in view!
No target in view!
The crimson imp grins evilly.
The crimson imp blinks!
No target in view!
No target in view!
No target in view!
You hit the crimson imp but do no damage.
The crimson imp is moderately wounded.
The crimson imp closely misses you.
You puncture the crimson imp!
The crimson imp is severely wounded.
The crimson imp closely misses you.
You hit the crimson imp.
The crimson imp is severely wounded.
Your adder skeleton bites the crimson imp but does no damage.
The crimson imp completely misses you.
Your adder skeleton bites the crimson imp.
The crimson imp dies!
Yredelemnul accepts your kill.
No target in view!
No target in view!
Unknown command.
Found a burning altar of Makhleb.
A yak comes into view.
The yak bellows!
You hear a bellow! x3
A yak comes into view.
A yak comes into view.
A wyvern zombie comes into view.
The yak bellows!
You swap places.
Casting: Freeze (safe; 1% risk of failure)
Confirm with . or Enter, or press ? or * to list all spells.
A film of ice covers your body!
Attack whom?
Press: ? - help, Dir - move target cursor, f - wyvern zombie
Aim: a wyvern zombie You reach to attack!
You barely miss the wyvern zombie.
You are feeling hungry.
Casting: Ozocubu's Armour (safe; 5% risk of failure)
Confirm with . or Enter, or press ? or * to list all spells.
Aiming: Freeze (safe; 1% risk of failure)
Press: ? - help, Shift-Dir - straight line, f - yak, p - wyvern zombie
Aim: a yak You freeze the yak!
The yak is moderately wounded.
The wyvern zombie barely misses you. The yak gores you but does no damage.
Your adder skeleton bites the wyvern zombie.
Casting: Freeze (safe; 1% risk of failure)
Confirm with . or Enter, or press ? or * to list all spells.
Aiming: Freeze (safe; 1% risk of failure)
Press: ? - help, Shift-Dir - straight line, f/p - yak
Aim: a yak (moderately wounded)
You freeze the yak.
The yak is moderately wounded.
The wyvern zombie bites you! The yak gores you but does no damage.
Your adder skeleton bites the wyvern zombie but does no damage.
A yak comes into view.
The wyvern zombie completely misses you.
Casting: Freeze (safe; 1% risk of failure)
Confirm with . or Enter, or press ? or * to list all spells.
Aiming: Freeze (safe; 1% risk of failure)
Press: ? - help, Shift-Dir - straight line, f/p - yak
Aim: a yak (moderately wounded)
You freeze the yak!
The yak is heavily wounded.
The yak gores you.
The wyvern zombie bites you but does no damage.
Your adder skeleton bites the wyvern zombie.
A yak comes into view.
Casting: Freeze (safe; 1% risk of failure)
Confirm with . or Enter, or press ? or * to list all spells.
Aiming: Freeze (safe; 1% risk of failure)
Press: ? - help, Shift-Dir - straight line, f/p - yak
Aim: a yak (heavily wounded)
You freeze the yak!
The yak is severely wounded.
The yak gores you! The wyvern zombie bites you!
Your adder skeleton bites the wyvern zombie.
Your icy armour cracks and falls away as you move.
Your adder skeleton barely misses the wyvern zombie.
The wyvern zombie bites you.
Your adder skeleton bites the wyvern zombie.
The wyvern zombie closely misses you.
Your adder skeleton barely misses the wyvern zombie.
The yak gores your adder skeleton. The yak gores your adder skeleton!
Your adder skeleton closely misses the yak.
The yak gores your adder skeleton!
Your adder skeleton is destroyed!
The wyvern zombie bites you!
* * * LOW HITPOINT WARNING * * *
There is a stone staircase leading up here.
The wyvern zombie closely misses you. The wyvern zombie bites you!
You die...
Your body rises from the dead as a mindless zombie.

................. #####..##
.....#..........# ##...###
#..###..........##
##......###
#####............#
##..........
#..###.......#####...........
#### ........Y..YYYY..#...##.
........###.....###..###
.......Z# ##...## ##..#
#......@# #...# ##..#
##.#...## #....# #.. # ##..
......# .. #... ...#...# ..
#.## ...###.. #. #.


You could see a yak and a wyvern zombie.

Vanquished Creatures
  Menkaure (D:5)
  A sky beast (D:5)
  4 ogres
  A centaur (D:5)
  2 scorpions
  A crimson imp (D:6)
  2 orc priests (D:4)
  An iguana (D:4)
  6 orc wizards
  2 worker ants
  8 adders
  A shadow imp (D:5)
  An ooze (D:2)
  A dart slug (D:4)
  4 leopard geckos
  10 orcs
  3 ball pythons
  10 bats
  6 giant cockroaches
  6 goblins
  5 hobgoblins
  12 jackals
  4 kobolds
  A ball python zombie (D:5)
  4 frilled lizards
  2 gnoll zombies (D:2)
  11 rats
110 creatures vanquished.

Vanquished Creatures (collateral kills)
  An ogre (D:5)
  A phantom (D:5)
  A crimson imp (D:6)
  A bullfrog zombie (D:5)
  A hound (D:5)
  An orc wizard (D:4)
  2 worker ants (D:4)
  A hound skeleton (D:4)
  3 orcs (D:4)
  A giant cockroach (D:5)
  A jackal (D:4)
14 creatures vanquished.

Vanquished Creatures (others)
  An ogre zombie (D:5)
  A hound skeleton (D:5)
  A worker ant zombie (D:4)
  A scorpion zombie (D:4)
  An adder zombie (D:5)
  An orc zombie (D:4)
  An adder skeleton (D:6)
  A jackal skeleton (D:4)
8 creatures vanquished.

Grand Total: 132 creatures vanquished

Notes
Turn   | Place    | Note
-------+----------+-------------------------------------------
     0 | D:1      | sankara the Merfolk Ice Elementalist began the quest for
                  | the Orb.
     0 | D:1      | Reached XP level 1. HP: 13/13 MP: 3/3
   333 | D:1      | Reached XP level 2. HP: 19/19 MP: 5/5
   791 | D:2      | Reached skill level 4 in Ice Magic
   791 | D:2      | Reached XP level 3. HP: 24/24 MP: 4/6
  1254 | D:2      | Reached skill level 3 in Stealth
  1332 | D:2      | Reached XP level 4. HP: 30/30 MP: 2/7
  1341 | D:2      | Learned a level 3 spell: Ozocubu's Armour
  1346 | D:2      | Learned a level 4 spell: Summon Ice Beast
  1634 | D:2      | Found a basalt altar of Yredelemnul.
  1644 | D:2      | Became a worshipper of Yredelemnul the Dark
  1778 | D:2      | Found a glowing silver altar of Zin.
  2044 | D:3      | Found a runed translucent door.
  2047 | D:3      | Noticed Paps's ghost (amateur TrFi)
  2368 | D:3      | Reached XP level 5. HP: 32/35 MP: 2/9
  2597 | D:3      | Reached skill level 1 in Polearms
  2599 | D:3      | Reached skill level 1 in Summonings
  2599 | D:3      | Reached skill level 5 in Ice Magic
  2785 | D:3      | Reached skill level 1 in Charms
  2922 | D:3      | Reached * piety under Yredelemnul
  3057 | D:4      | Reached skill level 3 in Spellcasting
  3169 | D:4      | Reached skill level 2 in Polearms
  3169 | D:4      | Reached XP level 6. HP: 22/41 MP: 10/10
  3442 | D:4      | Reached skill level 2 in Summonings
  3480 | D:4      | Reached skill level 3 in Polearms
  3484 | D:4      | Reached skill level 6 in Ice Magic
  3869 | D:5      | Entered Level 5 of the Dungeon
  3873 | D:5      | Found a shattered altar of Ashenzari.
  3883 | D:5      | Reached XP level 7. HP: 46/46 MP: 12/12
  3884 | D:5      | Found a hazy altar of Hepliaklqana.
  4043 | D:5      | Reached skill level 4 in Polearms
  4171 | D:5      | Reached skill level 3 in Summonings
  4179 | D:5      | Reached ** piety under Yredelemnul
  4216 | D:5      | Reached skill level 4 in Spellcasting
  4216 | D:5      | Reached skill level 7 in Ice Magic
  4281 | D:5      | Reached XP level 8. HP: 52/52 MP: 14/14
  4529 | D:5      | Noticed Menkaure
  4797 | D:5      | Killed Menkaure
  4797 | D:5      | Reached skill level 5 in Polearms
  4873 | D:5      | Reached skill level 2 in Charms
  5274 | D:6      | HP: 12/52 [ogre/+0 giant club (23)]
  5275 | D:6      | Reached skill level 8 in Ice Magic
  5624 | D:6      | Found a burning altar of Makhleb.
  5625 | D:6      | Noticed a yak
  5625 | D:6      | Noticed a yak
  5626 | D:6      | Noticed a yak
  5646 | D:6      | Noticed a yak
  5647 | D:6      | Noticed a yak
  5655 | D:6      | HP: 11/52 [wyvern zombie (9)]
  5659 | D:6      | Slain by a wyvern zombie

Skill      XL: |  1  2  3  4  5  6  7  8 |
---------------+-------------------------+-----
Ice Magic      | 4 5 6 7 8 |  8.1
Stealth        | 3 |  3.0
Polearms       | 2 3 4 5 |  5.8
Summonings     | 1 2 3 |  3.8
Charms         | 1 2 |  2.6
Spellcasting   | 3 4 |  4.6
Dodging        | |  2.6
Conjurations   | |  0.7

Action                   |  1- 3 |  4- 6 |  7- 9 || total
-------------------------+-------+-------+-------++-------
Melee: Short sword       |    22 |       |       ||    22
       Unarmed           |     1 |       |       ||     1
       Dagger            |    22 |    39 |     2 ||    63
       Trident           |       |   113 |   157 ||   270
 Cast: Freeze            |    55 |    50 |    43 ||   148
       Ozocubu's Armour  |       |     9 |     3 ||    12
Invok: Animate Remains   |       |    12 |     8 ||    20
       Recall Undead Sla |       |       |     1 ||     1
  Use: Scroll            |       |       |     6 ||     6
       Potion            |       |       |     2 ||     2
 Stab: Sleeping          |     6 |     8 |     6 ||    20
       Distracted        |       |     2 |       ||     2
  Eat: Chunk             |     2 |    13 |     5 ||    20
       Ration            |       |       |     1 ||     1
Armor: Robe              |    40 |    69 |    52 ||   161
       Skin              |       |       |    10 ||    10
Dodge: Dodged            |   103 |    95 |    98 ||   296

Levels and vault maps discovered:
D:1:      saegor_arrival_simple_c, layout_rooms, minmay_misc_feat_square,
          chequers_jeans
D:2:      minmay_general_purpose_star, layout_basic,
          lemuel_zombie_altar_yredelemnul, lemuel_doored_altar,
          chequers_serial_rivers_micro_d
D:3:      layout_basic, ebering_ghost_inner_flame
D:4:      layout_basic
D:5:      minmay_polygon_palace, layout_loops_ring, grunt_temple_overflow_open,
          first_ration, uniq_menkaure
D:6:      lemuel_upstairs_altar, layout_layer_cave, bloody_makhleb,
          serial_shops, nicolae_shop_overgrown_old_shop

Table legend:
 A = Turns spent in this place as a percentage of turns spent in the entire game.
 B = Non-inter-level travel turns spent in this place as a percentage of non-inter-level travel turns spent in the entire game.
 C = Inter-level travel turns spent in this place as a percentage of turns spent in this place.
 D = Turns resting spent in this place as a percentage of non-inter-level travel turns spent in this place.
 E = Turns spent auto-exploring this place as a percentage of non-inter-level travel turns spent in this place.
 F = Non-inter-level travel turns spent in this place divided by the number of levels of this place that you've seen.
                   A       B       C       D       E      F
               +-------+-------+-------+-------+-------+----------------------
         Total | 100.0 | 100.0 |   4.6 |  17.7 |  53.4 | 900.2
       Dungeon | 100.0 | 100.0 |   4.6 |  17.7 |  53.4 | 900.2
               +-------+-------+-------+-------+-------+----------------------

Table legend:
 A = Kills in this place as a percentage of kills in entire the game.
 B = Kills by you in this place as a percentage of kills by you in the entire game.
 C = Kills by friends in this place as a percentage of kills by friends in the entire game.
 D = Other kills in this place as a percentage of other kills in the entire game.
 E = Experience gained in this place as a percentage of experience gained in the entire game.
 F = Experience gained in this place divided by the number of levels of this place that you have seen.
                   A       B       C       D       E      F
               +-------+-------+-------+-------+-------+----------------------
         Total | 100.0 | 100.0 | 100.0 |   N/A | 100.0 | 357.0
       Dungeon | 100.0 | 100.0 | 100.0 |   N/A | 100.0 | 357.0
               +-------+-------+-------+-------+-------+----------------------
